 Dungeon Crawl Stone Soup version 0.31.0-32-g396128a36d (webtiles) character file.

Game seed: 2489218272921944759

1493 Zeor the Cruncher (level 8, -2/73 HPs)
             Began as a Gargoyle Gladiator on Apr 12, 2024.
             Was a Follower of Okawaru.
             Slain by a thrashing horror (4 damage)
             ... on level 6 of the Dungeon on Apr 15, 2024.
             The game lasted 00:17:39 (5167 turns).

Zeor the Cruncher (Gargoyle Gladiator)              Turns: 5167, Time: 00:17:40

Health: -2/73      AC: 22    Str: 26    XL:     8   Next: 81%
Magic:  9/9        EV:  8    Int:  9    God:    Okawaru [*.....]
Gold:   462        SH:  0    Dex: 11    Spells: 7/7 levels left

rFire   . . .        a - +0 quarterstaff
rCold   + . .        (shield currently unavailable)
rNeg    + . .        l - +2 plate armour
rPois   ∞            c - +1 helmet
rElec   +            (no cloak)
rCorr   .            (no gloves)
SInv    .            (no boots)
Will    .....        (no amulet) Stlth
                     b - ring of protection from cold
HPRegen 0.32/turn    s - +6 ring of strength
MPRegen 0.11/turn

%: no passive effects
@: berserking, about to teleport, very quick
A: sickness immunity, AC +5, negative energy resistance 1, electricity
resistance, torment resistance 1, petrification resistance
a: Renounce Religion, Heroism


You were on level 6 of the Dungeon.
You worshipped Okawaru.
Okawaru was aware of your devotion.
You visited 1 branch of the dungeon, and saw 6 of its levels.
You visited the Abyss 1 time.

You collected 462 gold pieces.

Inventory:

Hand Weapons
 a - a +0 quarterstaff (weapon)
 j - a +2 short sword of venom
Missiles
 d - 3 throwing nets
 e - a javelin
 o - 5 silver javelins
 y - 5 boomerangs (quivered)
Armour
 c - a +1 helmet (worn)
 l - a +2 plate armour (worn)
 z - a +2 leather armour of fire resistance
Jewellery
 b - a ring of protection from cold (left hand)
 m - an amulet of magic regeneration
 n - an amulet of faith
 s - a +6 ring of strength (right hand)
Wands
 k - a wand of polymorph (13)
 q - a wand of charming (11)
Scrolls
 h - 2 scrolls of teleportation
 t - a scroll of poison
 w - a scroll of revelation
 x - 2 scrolls of vulnerability
Potions
 f - a potion of lignification
 g - 2 potions of attraction
 i - 2 potions of haste
 p - 4 potions of enlightenment
 r - 2 potions of ambrosia
 v - 3 potions of curing


   Skills:
 * Level 5.1 Fighting
 + Level 8.0 Staves
 * Level 3.5 Throwing
 * Level 4.9 Armour
 + Level 2.6 Dodging
 + Level 0.1 Stealth
 * Level 2.0 Invocations


You had 7 spell levels left.
You didn't know any spells.
Your spell library contained the following spells:

 Spells                   Type           Power      Damage    Failure   Level
 Sigil of Binding         Hex            0%         N/A       100%        3
 Dimensional Bullseye     Hex/Tloc       0%         N/A       100%        4
 Call Canine Familiar     Summ           Unusable   N/A       N/A         3

Dungeon Overview and Level Annotations

Branches:
Dungeon (6/15)             Temple (0/1) D:6

Altars:
Ashenzari
Fedhas
Okawaru
The Shining One

Annotations:
D:6 Sigmund


Innate Abilities, Weirdness & Mutations

You are immune to sickness and miasma.
Your stone body is resilient. (AC +5)
You are immune to poison.
You resist negative energy. (rN+)
You are resistant to electric shocks. (rElec)
You are resistant to unholy torment.
You are immune to petrification.


Message History

The thrashing horror tramples you but does no damage. x2
The thrashing horror tramples you!
You hold your ground!
The thrashing horror tramples you but does no damage. x3
The thrashing horror tramples you but does no damage. x3
The thrashing horror closely misses you.
The thrashing horror tramples you.
You stumble backwards!
The thrashing horror tramples you but does no damage.
The thrashing horror tramples you.
You hold your ground!
There is a gateway leading out of the Abyss here.
The thrashing horror tramples you.
You hold your ground!
The thrashing horror closely misses you.
The thrashing horror barely misses you.
The thrashing horror tramples you but does no damage.
You pass through the gate.
Welcome back to the Dungeon!
Level annotation: Sigmund Unknown command.
As you read the scroll of teleportation, it crumbles to dust.
You feel strangely unstable.
The thrashing horror closely misses you.
The thrashing horror tramples you but does no damage.
The thrashing horror tramples you!
* * * LOW HITPOINT WARNING * * *
You hold your ground!
The thrashing horror tramples you but does no damage.
Okay, then.
A red film seems to cover your vision as you go berserk!
You feel yourself moving faster!
You feel mighty!
The thrashing horror tramples you but does no damage.
The thrashing horror tramples you.
* * * LOW HITPOINT WARNING * * *
You hold your ground!
You closely miss the thrashing horror. The thrashing horror tramples you!
* * * LOW HITPOINT WARNING * * *
You hold your ground!
The thrashing horror tramples you.
* * * LOW HITPOINT WARNING * * *
You hold your ground!
The thrashing horror closely misses you.
The thrashing horror tramples you.
You die...

▒∙▒▒▒▒▒∙▒ ▒∙▒
▒∙▒▒ ▒∙▒ ▒∙∙▒
▒∙▒ ▒▒∙▒▒▒
▒∙▒ ▒∙∙∙▒▒
▒∙▒ ▒▒▒∙∙▒
▒∙▒ ▒▒∙▒▒▒▒▒
▒∙▒ ▒∙∙∙X∙▒
▒∙▒ ▒▒▒▒▒9▒
▒∙▒
▒≈##≈▒∙▒≈#≈≈▒
▒∙▒
▒##≈≈▒∙▒≈#≈≈▒
▒∙▒
▒#≈≈≈▒∙▒≈≈≈≈▒
▒▒∙▒
▒≈##▒▒@▒▒≈≈≈▒
∙∙∙▒
▒≈#≈▒∙∙∙▒≈≈≈▒
▒▒▒▒
▒≈#≈▒∙>∙▒#≈≈▒
▒≈≈≈▒∙∙∙▒###▒


You could see a thrashing horror and Sigmund.

Vanquished Creatures
  3 black bears
  3 ogres
  A phantom (D:4)
  Blork the orc (D:6)
  2 bullfrogs
  2 scorpions
  3 hounds
  2 jellies (D:5)
  An iguana (D:4)
  2 orc wizards (D:5)
  9 gnolls (D:4)
  7 adders
  A white imp (D:5)
  2 ufetubi (D:5)
  2 dart slugs
  2 ribbon worms (D:2)
  14 orcs
  5 bats
  8 endoplasms
  4 giant cockroaches
  31 goblins
  27 hobgoblins
  14 jackals
  6 quokkas
  13 ball pythons
  8 frilled lizards
  14 kobolds
  9 rats
196 creatures vanquished.

Notes
Turn   | Place    | Note
-------+----------+-------------------------------------------
     0 | D:1      | Zeor the Gargoyle Gladiator began the quest for the Orb.
     0 | D:1      | Reached XP level 1. HP: 12/12 MP: 1/1
   145 | D:1      | Reached XP level 2. HP: 17/18 MP: 2/2
   355 | D:1      | Reached XP level 3. HP: 22/22 MP: 3/3
   691 | D:1      | Found a faded altar of an unknown god.
   893 | D:2      | Reached skill level 1 in Armour
   942 | D:2      | Reached skill level 4 in Staves
  1020 | D:2      | Reached XP level 4. HP: 26/27 MP: 4/4
  1941 | D:3      | Reached XP level 5. HP: 28/32 MP: 5/5
  2385 | D:3      | Reached skill level 5 in Staves
  2578 | D:4      | Found a broken altar of Ashenzari.
  2737 | D:4      | Found a glowing golden altar of the Shining One.
  2938 | D:4      | Reached XP level 6. HP: 30/37 MP: 6/6
  3332 | D:4      | Reached skill level 6 in Staves
  3628 | D:4      | Reached XP level 7. HP: 42/42 MP: 7/7
  3884 | D:5      | Entered Level 5 of the Dungeon
  4067 | D:5      | Found an iron altar of Okawaru.
  4088 | D:5      | Reached skill level 7 in Staves
  4092 | D:5      | Became a worshipper of Warmaster Okawaru
  4106 | D:5      | Reached XP level 8. HP: 48/48 MP: 8/8
  4197 | D:5      | Found a blossoming altar of Fedhas.
  4312 | D:5      | Reached skill level 1 in Invocations
  4819 | D:6      | Reached * piety under Okawaru
  4931 | D:6      | Noticed Blork the orc
  4941 | D:6      | Killed Blork the orc
  5075 | D:6      | Reached skill level 5 in Fighting
  5083 | D:6      | Reached skill level 8 in Staves
  5125 | D:6      | Found a staircase to the Ecumenical Temple.
  5125 | D:6      | Noticed Sigmund
  5132 | Abyss:1  | Cast into level 1 of the Abyss (Sigmund)
  5153 | Abyss:1  | Noticed a thrashing horror
  5153 | Abyss:1  | Noticed a thrashing horror
  5164 | D:6      | Escaped the Abyss
  5167 | D:6      | HP: 2/73 [thrashing horror (4)]
  5167 | D:6      | Slain by a thrashing horror

Illustrated notes

Levels and vault maps discovered:
D:1:      matt_arrival_spirals, layout_basic,
          hellmonk_ecumenical_altar_pennies_from_heaven, st_stairs_12,
          lexackson_kobold_supper
D:2:      layout_basic
D:3:      layout_basic, minivault_27
D:4:      minmay_goblin_kobold_castle, layout_gridville,
          nicolae_overflow_crystal_walls, nicolae_overflow_hidden_temple
D:5:      layout_basic, fedhas_ov_isle_minmay, okawaru_ov_weapons_minmay,
          dreamdust_princess_bridge, grunt_ministairs_1
D:6:      minmay_opposing_rooms, layout_loops_ring,
          minmay_temple_entry_poolview, serial_shops,
          nicolae_shop_overgrown_old_shop, uniq_sigmund, uniq_blork_the_orc

Skill      XL: |  1  2  3  4  5  6  7  8 |
---------------+-------------------------+-----
Armour         | 1 2 3 4 |  4.9
Staves         | 4 5 6 7 8 |  8.0
Fighting       | 3 4 5 |  5.1
Throwing       | 2 3 |  3.5
Invocations    | 2 |  2.0
Dodging        | |  2.6
Stealth        | |  0.1

Action                     |  1- 3 |  4- 6 |  7- 9 || total
---------------------------+-------+-------+-------++-------
  Melee: Quarterstaff      |   128 |   341 |   117 ||   586
  Throw: Boomerang         |       |       |     2 ||     2
 Invoke: Heroism           |       |       |     1 ||     1
    Use: Scroll            |     5 |     8 |     3 ||    16
         Potion            |       |       |     1 ||     1
 Armour: Leather armour    |    19 |       |       ||    19
         Plate armour      |    84 |   359 |   112 ||   555
  Dodge: Dodged            |    43 |   134 |    54 ||   231
